AoeStats
← nonoleboss

Fortress

507816025Analyzed
4v4 RM · 13d ago on Sep 19, 2026· 41m 46s· 8 players
Game mode
Random Map
Map size
Huge
Population
200
Speed
Normal
Resources
Standard
Victory
Conquest
Starting age
Dark Age
Ending age
Imperial Age
RankedLock teamsTeams togetherTeam positionsShared explorationLock speedFull tech treeHidden civsTurbo modeCheats
Victory
Defeat
🇺🇸 Khmer · United States
1310
+12
🇫🇷 Muisca · France
1276
+13
🇺🇸 Spanish · United States
1254
+14
🇧🇷 Sicilians · Brazil
1229
+15
🇬🇷 Byzantines · Greece
1243
-15
🇨🇭 Romans · Switzerland
1205
-13
🇹🇷 Bulgarians · Türkiye
1204
-13
🇬🇷 Persians · Greece
1204
-13
SAMOAN SHOTGUN
6:39 Feudal Age
10:23 Castle Age
8:47 Double-Bit Axe
11:22 Bow Saw
16:44 Loom
26:11 Light Cavalry
27:03 Bloodlines
26:54 Husbandry
35:27 Forging
35:23 Scale Barding Armor
39:07 Tusk Swords
44:26 Imperial Age
42:33 Wheelbarrow
41:46 Town Watch
VZ | TheeChosen
2:44 Loom
2:50 Loom
6:06 Loom
7:53 Feudal Age
11:17 Wheelbarrow
13:35 Castle Age
14:59 Double-Bit Axe
14:55 Horse Collar
15:58 Scale Barding Armor
16:03 Forging
17:06 Bow Saw
22:22 Bloodlines
22:49 Gold Mining
22:50 Stone Mining
22:48 Town Watch
26:13 Husbandry
29:16 Imperial Age
29:13 Sanctity
29:54 Stone Shaft Mining
29:29 Heavy Plow
29:19 Cavalier
30:20 Chain Barding Armor
30:36 Iron Casting
31:11 Two-Man Saw
30:38 Block Printing
30:48 Illumination
32:21 Theocracy
32:36 Hand Cart
32:21 Town Patrol
33:38 Devotion
34:10 Caravan
34:41 Elite Conquistador
35:45 Murder Holes
36:56 Chemistry
36:19 Ballistics
36:15 Paladin
40:21 Light Cavalry
42:30 Conscription
nonoleboss
7:38 Feudal Age
11:55 Castle Age
10:31 Double-Bit Axe
10:29 Horse Collar
13:16 Loom
19:54 Sanctity
19:47 Redemption
22:02 Heavy Plow
26:08 Bow Saw
30:53 Imperial Age
29:15 Herbal Medicine
31:03 Pikeman
31:44 Squires
31:46 Scale Mail Armor
31:56 Forging
32:21 Fervor
32:15 Devotion
32:11 Elite Temple Guard
33:08 Chain Mail Armor
34:12 Illumination
34:04 Block Printing
35:11 Conscription
36:17 Two-Man Saw
35:09 Gold Mining
35:10 Stone Mining
36:03 Plate Mail Armor
37:04 Theocracy
36:56 Town Watch
38:48 Iron Casting
38:05 Elite Guecha Warrior
39:33 Hoardings
40:17 Fletching
40:27 Padded Archer Armor
Dashimir
7:47 Feudal Age
11:54 Castle Age
9:58 Horse Collar
14:28 Scale Mail Armor
17:38 Loom
19:16 Chain Mail Armor
18:52 Fletching
19:49 Forging
20:42 Bodkin Arrow
23:56 Arson
24:45 Pikeman
31:20 Wheelbarrow
30:30 Town Watch
30:40 Gold Mining
30:38 Double-Bit Axe
33:25 Hand Cart
34:23 Padded Archer Armor
36:18 Bow Saw
37:50 Iron Casting
38:04 Gold Shaft Mining
37:19 Stone Mining
40:57 Imperial Age
41:27 Ballistics
41:03 Murder Holes
41:20 Masonry
41:23 Elite Serjeant
Dvu
9:11 Feudal Age
10:23 Loom
12:49 Castle Age
10:46 Double-Bit Axe
10:45 Horse Collar
11:00 Stone Mining
12:34 Gold Mining
17:04 Loom
18:30 Fletching
26:24 Bow Saw
29:10 Wheelbarrow
28:39 Atonement
30:25 Hand Cart
35:14 Imperial Age
32:38 Pikeman
33:20 Scale Mail Armor
33:31 Forging
34:51 Squires
35:11 Chain Mail Armor
35:16 Halberdier
38:33 Elite Skirmisher
40:53 Bodkin Arrow
stelios19857
8:30 Feudal Age
9:22 Horse Collar
9:30 Double-Bit Axe
14:22 Castle Age
13:29 Wheelbarrow
15:43 Bow Saw
20:22 Scale Barding Armor
20:28 Forging
21:30 Heavy Plow
22:21 Chain Barding Armor
23:19 Gold Mining
24:17 Bloodlines
29:00 Imperial Age
27:09 Iron Casting
27:22 Gold Shaft Mining
28:42 Cavalier
29:23 Husbandry
30:18 Conscription
31:03 Blast Furnace
30:39 Plate Barding Armor
30:09 Savar
35:35 Kamandaran
35:35 Fletching
35:46 Padded Archer Armor
36:43 Bodkin Arrow
37:04 Leather Archer Armor
37:28 Thumb Ring
36:44 Crossbowman
38:32 Ring Archer Armor
38:31 Ballistics
39:12 Chemistry
38:59 Hand Cart
41:15 Stone Mining
komutan logar
7:52 Feudal Age
11:55 Castle Age
10:08 Horse Collar
10:46 Double-Bit Axe
14:35 Bow Saw
15:39 Heavy Plow
16:07 Loom
19:23 Gold Mining
19:30 Stone Mining
20:06 Forging
20:20 Husbandry
21:12 Bloodlines
22:05 Wheelbarrow
22:14 Scale Barding Armor
23:12 Iron Casting
23:03 Hand Cart
24:04 Chain Barding Armor
25:57 Gold Shaft Mining
25:24 Town Watch
25:44 Stirrups
27:09 Gambesons
28:20 Squires
27:59 Pikeman
29:12 Scale Mail Armor
30:24 Arson
32:02 Chain Mail Armor
32:18 Fletching
33:24 Town Patrol
39:22 Imperial Age
38:20 Stone Shaft Mining
37:09 Elite Skirmisher
37:55 Thumb Ring
38:50 Bodkin Arrow
38:56 Padded Archer Armor
40:09 Leather Archer Armor
40:20 Bracer
40:55 Crop Rotation
40:05 Halberdier
kostas_NRX
7:37 Feudal Age
11:08 Castle Age
9:11 Double-Bit Axe
11:22 Loom
12:45 Wheelbarrow
12:49 Bow Saw
27:56 Light Cavalry
29:04 Scale Barding Armor
29:13 Forging
Connection lost

Rejoining the realm…

Still unreachable

The connection could not be restored.

Session expired

The server has moved on; the page needs a fresh start.